 Dungeon Crawl Stone Soup version 0.26-a0-639-g72c4674329 (webtiles) character file.

Game seed: 15777642355220125543

4910 Kaptain the Digger (level 10, -1/65 HPs)
             Began as an Octopode Earth Elementalist on Sept 20, 2020.
             Slain by a death yak (28 damage)
             ... on level 7 of the Dungeon.
             The game lasted 00:46:02 (11622 turns).

Kaptain the Digger (Octopode Earth Elementalist)   Turns: 11622, Time: 00:46:03

Health: -1/65      AC:  1    Str:  9    XL:     10   Next: 51%
Magic:  7/20       EV: 15    Int: 20    God:
Gold:   430        SH:  0    Dex: 12    Spells: 11/22 levels left

rFire    . . .     SeeInvis .   t - staff of earth
rCold    . . .     Faith    .   (no shield)
rNeg     + . .     Spirit   .   (helmet restricted)
rPois    .         Reflect  .   n - amulet of regeneration
rElec    .         Harm     .   b - ring of positive energy
rCorr    .         Rampage  .   (no ring)
MR       .....                  (no ring)
Stlth    +++++.....             (no ring)
HPRegen  0.60/turn              (no ring)
MPRegen  0.17/turn              (no ring)
                                (no ring)
                                (no ring)

@: very slightly contaminated, hasted, very quick
A: almost no armour, stealthy swim, amphibious, 8 rings, constrict 8, camouflage
1, gelatinous body 1
a: no special abilities


You were on level 7 of the Dungeon.
You visited 2 branches of the dungeon, and saw 9 of its levels.

You collected 430 gold pieces.

Inventory:

Hand Weapons
 d - a +4 scimitar
 l - a +5 flail
 s - a +0 rapier
Missiles
 e - 7 stones (quivered)
Magical Staves
 m - an uncursed staff of cold
 t - an uncursed staff of earth (weapon)
Jewellery
 b - a ring of positive energy (left tentacle)
 n - an amulet of regeneration (around mantle)
Wands
 k - a wand of polymorph (7)
Scrolls
 f - 4 scrolls of remove curse
 h - 4 scrolls of teleportation
 i - 2 scrolls of immolation
 j - a scroll of enchant armour
Potions
 a - a potion of magic
 c - a potion of flight
 g - a potion of haste
 o - a potion of berserk rage
 p - a potion of brilliance
 r - 3 potions of lignification
 u - 2 potions of heal wounds
 v - a potion of invisibility {unknown}


   Skills:
 + Level 4.8 Fighting
 + Level 5.4 Dodging
 + Level 7.7 Stealth
 * Level 6.9 Spellcasting
 * Level 6.8 Conjurations
 - Level 1.0 Transmutations
 * Level 7.9 Earth Magic


You had 11 spell levels left.
You knew the following spells:

 Your Spells              Type           Power        Failure   Level
a - Sandblast             Erth           ######       1%          1
b - Stone Arrow           Conj/Erth      ######       1%          3
c - Lee's Rapid Deconstr  Erth           ######....   10%         5
d - Passwall              Tmut/Erth      #####...     2%          2

Your spell library contained the following spells:

 Spells                   Type           Power        Failure   Level
 Petrify                  Tmut/Erth      #####...     16%         4


Dungeon Overview and Level Annotations

Branches:
Dungeon (8/15)             Temple (1/1) D:5            Lair (0/6) D:8

Altars:
Ashenzari
Cheibriados
Dithmenos
Elyvilon
Fedhas
Gozag
Hepliaklqana
Kikubaaqudgha
Makhleb
Nemelex Xobeh
Okawaru
Qazlal
Ru
Sif Muna
Trog
Uskayaw
Vehumet
Wu Jian
Xom
Yredelemnul
Zin

Annotations:
D:3 3 runed translucent doors, smajdalf's ghost, amateur TeAE
D:7 3 runed translucent doors, fly's ghost, novice TrDe


Innate Abilities, Weirdness & Mutations

You cannot wear most types of armour.
You are very stealthy in the water. (Stealth+)
You are amphibious.
You can wear up to eight rings at the same time.
You can use your tentacles to constrict eight enemies at once.
Your skin changes colour to match your surroundings (Stealth+).
Your rubbery body absorbs attacks. (AC +1, EV +1)


Message History

The blast of rock fragments hits the death yak.
The death yak is lightly wounded.
You hear a bellow!
The yak barely misses you.
The death yak snorts and paws the ground.
Casting: Lee's Rapid Deconstruction (dangerous; 10% risk of failure)
Confirm with . or Enter, or press ? or * to list all spells.
Aiming: Lee's Rapid Deconstruction (dangerous; 10% risk of failure)
Press: ? - help, Dir - move target cursor A rock wall.
You feel a surge of power!
You miscast Lee's Rapid Deconstruction.
Nothing appears to happen.
Unknown command.
The yak gores you! The death yak gores you!
You climb upwards.
Level annotation: 3 runed translucent doors, fly's ghost, novice TrDe
There is a stone staircase leading down here.
You feel yourself speed up. The yak closely misses you.
The death yak gores you!!
You die...

##########.#..
#.##. #.### ###.#
# ##########...# #
##...#...#..### #
##..........##
#.Y.........######
#@..........#.....
#Y............####
##.........####
##...#...##
#########


You could see a death yak and a yak.

Vanquished Creatures
  A death yak (D:8)
  Pikel (D:3)
  A hornet (D:8)
  6 yaks (D:6)
  A wyvern (D:8)
  A black bear (D:5)
  An ice beast (D:5)
  A phantom (D:7)
  3 sky beasts
  2 ogres
  2 centaurs
  2 lemures (D:3)
  A big kobold (D:7)
  A bullfrog (D:8)
  A scorpion (D:7)
  14 wights
  2 jellies
  8 orc wizards
  4 orc priests
  2 hounds (D:4)
  An iguana (D:4)
  A bullfrog skeleton (D:6)
  2 centaur skeletons
  3 worker ants
  A hound zombie (D:6)
  Robin (D:3)
  A howler monkey zombie (D:6)
  2 worker ant zombies
  5 gnolls
  8 adders
  2 shadow imps
  A white imp (D:5)
  3 ufetubi
  An ooze (D:5)
  3 adder zombies
  4 adder skeletons
  4 worms
  2 dart slugs
  7 leopard geckos
  14 orcs
  9 bats
  9 giant cockroaches
  14 goblins
  10 hobgoblins
  2 jackals (D:2)
  6 quokkas
  A ball python (D:2)
  3 frilled lizards
  12 kobolds
  9 rats
196 creatures vanquished.

Vanquished Creatures (others)
  5 withered plants (D:5)
5 creatures vanquished.

Grand Total: 201 creatures vanquished

Notes
Turn   | Place    | Note
-------+----------+-------------------------------------------
     0 | D:1      | Kaptain the Octopode Earth Elementalist began the quest for
                  | the Orb.
     0 | D:1      | Reached XP level 1. HP: 11/11 MP: 3/3
   205 | D:1      | Reached XP level 2. HP: 17/17 MP: 3/5
   509 | D:1      | Reached XP level 3. HP: 22/22 MP: 3/6
  1142 | D:2      | Learned a level 3 spell: Stone Arrow
  1500 | D:2      | Reached skill level 1 in Fighting
  1674 | D:2      | Reached XP level 4. HP: 24/28 MP: 3/8
  2539 | D:3      | Reached XP level 5. HP: 33/33 MP: 6/9
  2616 | D:3      | Reached skill level 1 in Conjurations
  2623 | D:3      | Learned a level 5 spell: Lee's Rapid Deconstruction
  2672 | D:3      | Found a faded altar of an unknown god.
  2679 | D:3      | Noticed Robin
  2850 | D:3      | Killed Robin
  3203 | D:3      | Found a runed translucent gate.
  3203 | D:3      | Found a runed translucent gate.
  3203 | D:3      | Found a runed translucent gate.
  3204 | D:3      | Found an opulent altar of Gozag.
  3205 | D:3      | Noticed smajdalf's ghost (amateur TeAE)
  3206 | D:3      | Noticed a sky beast
  3350 | D:4      | Noticed a lemure
  3352 | D:4      | Noticed a lemure
  3353 | D:4      | Noticed Pikel
  3361 | D:4      | Noticed a lemure
  3363 | D:4      | Noticed a lemure
  3368 | D:3      | Killed a lemure
  3595 | D:3      | Killed a lemure
  4057 | D:4      | Found an iron altar of Okawaru.
  4265 | D:4      | Reached XP level 6. HP: 25/38 MP: 0/11
  5142 | D:3      | Killed Pikel
  5142 | D:3      | Reached XP level 7. HP: 24/45 MP: 0/13
  5496 | D:5      | Entered Level 5 of the Dungeon
  5612 | D:5      | Found a staircase to the Ecumenical Temple.
  5618 | Temple   | Entered the Ecumenical Temple
  6032 | D:5      | Reached skill level 5 in Earth Magic
  6206 | D:5      | Reached skill level 5 in Stealth
  6206 | D:5      | Reached XP level 8. HP: 47/51 MP: 1/14
  6446 | D:5      | Found a shattered altar of Ashenzari.
  6489 | D:5      | Found a blossoming altar of Fedhas.
  6503 | D:5      | Found a shadowy altar of Dithmenos.
  6552 | D:5      | Found a radiant altar of Vehumet.
  6592 | D:5      | Found an ancient bone altar of Kikubaaqudgha.
  7440 | D:6      | Reached skill level 5 in Spellcasting
  7618 | D:6      | Found an ornate altar of the Wu Jian Council.
  7708 | D:6      | Noticed a yak
  7708 | D:6      | Noticed a yak
  7708 | D:6      | Noticed a yak
  7709 | D:6      | Noticed a yak
  7722 | D:6      | Noticed a yak
  7723 | D:6      | Killed a yak
  7723 | D:6      | Reached XP level 9. HP: 53/57 MP: 5/16
  7985 | D:6      | Reached skill level 5 in Conjurations
  9000 | D:6      | Found a sparkling altar of Nemelex Xobeh.
  9001 | D:6      | Found a shimmering blue altar of Sif Muna.
  9549 | D:7      | Found a runed translucent gate.
  9549 | D:7      | Found a runed translucent gate.
  9549 | D:7      | Found a runed translucent gate.
  9549 | D:7      | Noticed fly's ghost (novice TrDe)
  9959 | D:7      | Found a blossoming altar of Fedhas.
 10078 | D:8      | Reached XP level 10. HP: 64/64 MP: 4/19
 10120 | D:8      | Reached skill level 5 in Dodging
 10659 | D:8      | Found a staircase to the Lair.
 10659 | D:8      | Noticed a death yak
 10662 | D:8      | Noticed a death yak
 10668 | D:8      | Noticed a death yak
 10962 | D:7      | Learned a level 2 spell: Passwall
 11280 | D:8      | Identified the +4 scale mail of Zahi {*Drain rC++ Str+5}
 11489 | D:8      | Killed a death yak
 11622 | D:7      | Slain by a death yak

Illustrated notes

Levels and vault maps discovered:
D:1:      dpeg_arrival_stone_temple_mockup, layout_basic, minmay_strange_pillars
D:2:      layout_rooms
D:3:      layout_rooms, chequers_ecumenical_altar_simple_redux,
          ebering_ghost_gozag, kennysheep_generic_room_16, uniq_robin
D:4:      layout_layer_cave, okawaru_ov_weapons_minmay, minmay_misc_feat_doors,
          minmay_checkerbox, uniq_pikel
D:5:      layout_cave_pools, nicolae_overflow_hidden_temple,
          kiku_gazebo_garden_becter, minmay_temple_entry_wispy
D:6:      layout_rooms, nicolae_overflow_crystal_walls,
          gammafunk_temple_overflow_statue, grunt_decor_fettered
D:7:      layout_rooms, basic_altar, ebering_ghost_rock_garden
D:8:      layout_basic, dpeg_lair_monsters, hex_large, grunt_ministairs_15
Temple:   minmay_temple_forest_path

Skill      XL: |  1  2  3  4  5  6  7  8  9 10 |
---------------+-------------------------------+-----
Stealth        | 3 4 5 7 |  7.7
Fighting       | 1 2 3 4 |  4.8
Spellcasting   | 3 4 5 6 |  6.9
Conjurations   | 1 3 4 6 |  6.8
Earth Magic    | 4 5 6 7 |  7.9
Dodging        | 3 4 5 |  5.4
Transmutations | |  1.0

Action                   |  1- 3 |  4- 6 |  7- 9 | 10-12 || total
-------------------------+-------+-------+-------+-------++-------
Melee: Short sword       |    19 |    37 |       |       ||    56
       Constrict         |     2 |    15 |     4 |       ||    21
       Tentacles         |     1 |     2 |     3 |       ||     6
       Rapier            |       |     8 |       |       ||     8
       Whip              |       |       |     5 |       ||     5
       Flail             |       |       |     3 |       ||     3
       Falchion          |       |       |    15 |       ||    15
       Staff             |       |       |       |     1 ||     1
 Cast: Sandblast         |    49 |    95 |    96 |    16 ||   256
       Stone Arrow       |       |     7 |    80 |    28 ||   115
       Lee's Rapid Decon |       |       |     2 |    14 ||    16
  Use: Scroll            |     4 |     5 |     3 |     3 ||    15
       Potion            |       |     8 |     3 |     2 ||    13
 Stab: Sleeping          |       |     7 |     2 |       ||     9
Armor: Skin              |     5 |    13 |     3 |     1 ||    22
Dodge: Dodged            |    19 |    66 |    61 |     8 ||   154
       Rpst.: Falchion   |       |       |     2 |       ||     2

Table legend: (Time is in decaauts)
 A = Elapsed time spent in this place.
 B = Non-inter-level travel time spent in this place.
 C = Inter-level travel time spent in this place.
 D = Time resting spent in this place.
 E = Time spent auto-exploring this place.
 F = Levels seen in this place.
 G = Mean time per level.
                   A        B        C        D        E       F      G
               +--------+--------+--------+--------+--------+-----+--------+
         Total |  11583 |  11203 |    380 |   5248 |   4279 |   9 | 1287.0 |
       Dungeon |  11258 |  10916 |    342 |   5248 |   3993 |   8 | 1407.2 |
        Temple |    325 |    287 |     38 |      0 |    286 |   1 |  325.0 |
               +--------+--------+--------+--------+--------+-----+--------+

Top non-repeatable levels by time:
     D:3: 1804 daAuts
     D:5: 1726 daAuts
     D:6: 1592 daAuts
     D:4: 1413 daAuts
     D:8: 1284 daAuts
     D:7: 1170 daAuts
     D:2: 1139 daAuts
     D:1: 1127 daAuts
  Temple: 325 daAuts
